 Dungeon Crawl Stone Soup version 0.30-a0-371-gad7725a93e (webtiles) character file.

Game seed: 16931352926934280958

46 nomicflux the Digger (level 3, -2/21 HPs)
             Began as a Gargoyle Earth Elementalist on Nov 23, 2022.
             Slain by Terence
             ... wielding a +0 hand axe
              (4 damage)
             ... on level 1 of the Dungeon.
             The game lasted 00:07:59 (1869 turns).

nomicflux the Digger (Gargoyle Earth Elementalist)  Turns: 1869, Time: 00:08:00

Health: -2/21      AC:  5    Str: 11    XL:     3   Next: 66%
Magic:  2/6        EV: 11    Int: 17    God:
Gold:   30         SH:  0    Dex: 10    Spells: 0/6 levels left

rFire   . . .      SeeInvis .    s - +0 sling (flame)
rCold   . . .      Faith    .    (no shield)
rNeg    + . .      Spirit   .    a - +0 robe
rPois   ∞          Reflect  .    (no helmet)
rElec   +          Harm     .    (no cloak)
rCorr   .          Rampage  .    (no gloves)
Will    .....                    (no boots)
Stlth   ++........               (no amulet)
HPRegen 0.23/turn                (no ring)
MPRegen 0.10/turn                (no ring)

@: no status effects
A: sickness immunity, AC +3, negative energy resistance 1, electricity
resistance, torment resistance 1, petrification resistance
a: no special abilities


You were on level 1 of the Dungeon.
You visited 1 branch of the dungeon, and saw 3 of its levels.

You collected 80 gold pieces.
You spent 50 gold pieces at shops.

Inventory:

Hand Weapons
 h - a +0 dagger
 s - a +0 sling of flaming (weapon)
Missiles
 c - 12 stones
Armour
 a - a +0 robe (worn)
 g - a +0 chain mail
Scrolls
 e - 2 scrolls of fear {unknown}
 i - a scroll of poison {unknown}
 k - a scroll of vulnerability {unknown}
 l - 2 scrolls of immolation {unknown}
 m - a scroll of enchant armour {unknown}
 o - a scroll of butterflies {unknown}
 p - a scroll of magic mapping {unknown}
 q - a scroll of identify
 r - a scroll of teleportation
Potions
 b - a potion of magic
 d - 2 potions of might {unknown}
 f - a potion of heal wounds {unknown}
 j - a potion of cancellation {unknown}
 n - a potion of brilliance {unknown}
 t - a potion of haste {unknown}


   Skills:
 + Level 1.6 Fighting
 + Level 1.7 Armour
 - Level 1.5 Dodging
 - Level 2.1 Stealth
 - Level 2.0 Spellcasting
 - Level 0.7 Transmutations
 + Level 4.4 Earth Magic


You couldn't memorise any spells.
You knew the following spells:

 Your Spells              Type           Power      Damage    Failure   Level
a - Sandblast             Erth           32%        2d9       3%          1
b - Stone Arrow           Conj/Erth      18%        3d8       24%         3
c - Passwall              Tmut/Erth      8%         N/A       10%         2

Your spell library contained the following spells:

 Spells                   Type           Power      Damage    Failure   Level
 Beastly Appendage        Tmut           8%         N/A       14%         1
 Wereblood                Tmut           4%         N/A       22%         2
 Blink                    Tloc           2%         N/A       28%         2
 Momentum Strike          Conj/Tloc      2%         3d8       28%         2
 Spider Form              Tmut/Pois      2%         N/A       45%         3
 Lesser Beckoning         Tloc           2%         N/A       50%         3
 Petrify                  Tmut/Erth      10%        N/A       54%         4
 Anguish                  Hex/Necr       0%         N/A       88%         4
 Enfeeble                 Hex            0%         N/A       100%        7


Dungeon Overview and Level Annotations

Branches:
Dungeon (3/15)

Altars:

Shops:
D:1 ?

Annotations:
D:1 Terence


Innate Abilities, Weirdness & Mutations

You are immune to sickness and miasma.
Your stone body is resilient. (AC +3)
You are immune to poison.
You resist negative energy. (rN+)
You are resistant to electric shocks. (rElec)
You are resistant to unholy torment.
You are immune to petrification.


Message History

Casting: Passwall (safe; 10% risk of failure)
Confirm with . or Enter, or press ? or * to list all spells.
Aiming: Sandblast (safe; 3% risk of failure)
Press: ? - help, Shift-Dir - straight line, f - Terence
Aim: Terence, wielding a +0 hand axe and wearing a +0 chain mail (87% to hit)
The blast of sand hits Terence but does no damage.
Terence barely misses you.
Casting: Sandblast (safe; 3% risk of failure)
Confirm with . or Enter, or press ? or * to list all spells.
Aiming: Sandblast (safe; 3% risk of failure)
Press: ? - help, Shift-Dir - straight line, f/p - Terence
Aim: Terence, wielding a +0 hand axe and wearing a +0 chain mail (87% to hit)
You miscast Sandblast.
You are very lightly contaminated with residual magic.
Nothing appears to happen.
Terence barely misses you. Terence attacks as you move away!
Terence hits you with a +0 hand axe.
Terence asks, "Do you want it fast or slow?"
Your magical contamination has completely faded away.
Terence attacks as you move away! Terence hits you but does no damage.
Terence attacks as you move away! Terence hits you but does no damage.
Terence attacks as you move away! Terence hits you but does no damage.
Terence attacks as you move away! Terence closely misses you.
Terence attacks as you move away! Terence hits you with a +0 hand axe.
There is a stone staircase leading up here.
Terence hits you with a +0 hand axe.
You climb upwards.
There is a stone staircase leading down here.
You see here a +0 flail.
Casting: Sandblast (safe; 3% risk of failure)
Confirm with . or Enter, or press ? or * to list all spells.
Aiming: Passwall (safe; 10% risk of failure)
Press: ? - help, Dir - move target A rock wall.
Terence hits you with a +0 hand axe.
You begin to meditate on the wall.
You continue meditating on the rock.
Terence hits you with a +0 hand axe!
* * * LOW HITPOINT WARNING * * *
You continue meditating on the rock.
Terence hits you with a +0 hand axe.
You die...

.#########.##.# ##...#.# #.... .#
##.##÷# ##.##.# ####. .#
#.....#### ####.# #. .#
#.###....# #.# #. .# ##.##..##.#
#####.#######. #### ##.....###.#
#............. ...#
##..........###..........#.#
...###.........####...........#.#
.....'.........'@@...............
...###.........####...........###
...# ##.......## ##..........# #
#..# ##.....## #...>......###
#..# ##...## #............. #..#
##+## #.........###. ...# #.#
##### ####.###### ##
##########.###...# #.# #
##...............# #.# #


You could see Terence.

Vanquished Creatures
  An adder (D:2)
  4 ball pythons (D:1)
  3 bats
  An endoplasm (D:2)
  5 goblins
  2 hobgoblins (D:2)
  3 jackals (D:1)
  3 kobolds (D:1)
  6 quokkas (D:1)
  2 frilled lizards (D:1)
  2 rats
32 creatures vanquished.

Vanquished Creatures (others)
  A plant (D:1)
  4 toadstools (D:1)
5 creatures vanquished.

Grand Total: 37 creatures vanquished

Notes
Turn   | Place    | Note
-------+----------+-------------------------------------------
     0 | D:1      | nomicflux the Gargoyle Earth Elementalist began the quest
                  | for the Orb.
     0 | D:1      | Reached XP level 1. HP: 10/10 MP: 3/3
    15 | D:1      | You fall into a shaft and drop 1 floor!
   405 | D:2      | Reached skill level 4 in Earth Magic
   405 | D:2      | Reached XP level 2. HP: 16/16 MP: 1/5
   540 | D:2      | Reached skill level 1 in Fighting
   540 | D:2      | Reached skill level 1 in Armour
   547 | D:2      | Noticed Terence
   816 | D:1      | Reached XP level 3. HP: 20/20 MP: 4/6
   820 | D:1      | Learned a level 3 spell: Stone Arrow
   838 | D:1      | Learned a level 2 spell: Passwall
  1357 | D:1      | Found Tosepuko's Magic Scroll Shoppe.
  1360 | D:1      | Bought a scroll of identify for 20 gold pieces
  1360 | D:1      | Bought a scroll of teleportation for 30 gold pieces
  1869 | D:1      | Slain by Terence

Illustrated notes

Levels and vault maps discovered:
D:1:      ldierk_walled_garden_2, layout_loops_corners, serial_shops,
          nicolae_shop_behind_doors, nicolae_concentric_dashed_squares_mild,
          minmay_pentomino_p2
D:2:      layout_loops_cross, uniq_terence
D:3:      layout_basic, dk_yredelemnul_ordeal, fedhas_altar_2,
          ebering_ghost_disaster_area

Skill      XL: |  1  2 |
---------------+-------+-----
Earth Magic    | 4 |  4.4
Fighting       | 1 |  1.6
Armour         | 1 |  1.7
Dodging        | |  1.5
Stealth        | |  2.1
Spellcasting   | |  2.0
Transmutations | |  0.7

Action                   || total
-------------------------++-------
Melee: Unarmed           ||     2
 Fire: Sling             ||     1
 Cast: Sandblast         ||    44
       Passwall          ||     1
Armor: Robe              ||    10
Dodge: Dodged            ||    16

Table legend: (Time is in decaauts)
 A = Elapsed time spent in this place.
 B = Non-inter-level travel time spent in this place.
 C = Inter-level travel time spent in this place.
 D = Time resting spent in this place.
 E = Time spent auto-exploring this place.
 F = Levels seen in this place.
 G = Mean time per level.
                   A        B        C        D        E       F      G
               +--------+--------+--------+--------+--------+-----+--------+
         Total |   1890 |   1876 |     14 |    300 |    844 |   3 |  630.0 |
       Dungeon |   1890 |   1876 |     14 |    300 |    844 |   3 |  630.0 |
               +--------+--------+--------+--------+--------+-----+--------+

Top non-repeatable levels by time:
     D:1: 1081 daAuts
     D:2: 807 daAuts
     D:3: 1 daAuts
